 Dungeon Crawl Stone Soup version 0.29-a0-643-ga013cefcf8 (webtiles) character file.

Game seed: 16051258438681177713

1054 mandarbmax the Ruffian (level 8, -7/74 HPs)
             Began as a Troll Necromancer on June 19, 2022.
             Was an Initiate of Ru.
             Killed by an exploding orc priest (15 damage)
             ... ignited by their inner flame
             ... on level 7 of the Dungeon.
             The game lasted 00:10:52 (3423 turns).

mandarbmax the Ruffian (Troll Necromancer)          Turns: 3423, Time: 00:10:52

Health: -7/74      AC:  7    Str: 17    XL:     8   Next: 5%
Magic:  2/10       EV: 10    Int: 13    God:    Ru [......]
Gold:   262        SH:  0    Dex: 12    Spells: 10/11 levels left

rFire   + . .      SeeInvis +     - Unarmed
rCold   . . .      Faith    .   (no shield)
rNeg    + + .      Spirit   .   a - +0 robe
rPois   .          Reflect  .   (helmet restricted)
rElec   .          Harm     .   v - +2 cloak
rCorr   .          Rampage  .   (gloves unavailable)
Will    .....                   (boots unavailable)
Stlth   ++........              w - amulet of regeneration
HPRegen 1.82/turn               c - +4 ring of protection
MPRegen 0.12/turn               s - ring of Dogma {*Corrode rF+ rN++ Dex+2 SInv}

@: about to teleport, corroded
A: large, unfitting armour, claws 3, regeneration 1, shaggy fur 1, tough skin 1
a: Renounce Religion


You were on level 7 of the Dungeon.
You worshipped Ru.
Ru was noncommittal.
You visited 1 branch of the dungeon, and saw 5 of its levels.

You collected 262 gold pieces.

Inventory:

Missiles
 t - a throwing net
Armour
 a - a +0 robe (worn)
 v - a +2 cloak (worn)
Jewellery
 c - a +4 ring of protection (left claw)
 s - the ring of Dogma (right claw) {*Corrode rF+ rN++ Dex+2 SInv}
   (You found it on level 2 of the Dungeon)

   [ring of protection from fire]

   Dex:       It affects your dexterity (+2).
   rF:        It protects you from fire.
   rN:        It greatly protects you from negative energy.
   SInv:      It lets you see invisible.
   *Corrode:  It may corrode you when you take damage.
 w - an amulet of regeneration (around neck)
 x - a ring of protection from fire
Scrolls
 e - 6 scrolls of identify
 g - 3 scrolls of enchant weapon
 m - a scroll of amnesia {unknown}
 q - a scroll of enchant armour {unknown}
 r - a scroll of poison {unknown}
 u - a scroll of teleportation
Potions
 b - a potion of magic
 d - a potion of berserk rage
 f - a potion of brilliance
 h - 3 potions of curing {unknown}
 j - 2 potions of attraction {unknown}
 k - 2 potions of degeneration {unknown}
 l - a potion of mutation
 n - 2 potions of might {unknown}
 o - 2 potions of resistance {unknown}
 p - a potion of heal wounds {unknown}
 z - a potion of ambrosia {unknown}


   Skills:
 + Level 2.4 Fighting
 - Level 2.0 Dodging
 - Level 1.0 Stealth
 * Level 7.7 Unarmed Combat
 - Level 2.0 Spellcasting
 - Level 4.0 Necromancy


You had 10 spell levels left.
You knew the following spells:

 Your Spells              Type           Power      Damage    Failure   Level
a - Necrotize             Necr           44%        1d6       4%          1

Your spell library contained the following spells:

 Spells                   Type           Power      Damage    Failure   Level
 Vampiric Draining        Necr           11%        2d6       14%         3
 Apportation              Tloc           2%         N/A       26%         1
 Animate Dead             Necr           11%        N/A       43%         4
 Agony                    Necr           11%        N/A       80%         5
 Summon Ice Beast         Ice/Summ       1%         N/A       94%         4
 Alistair's Intoxication  Tmut/Pois      0%         N/A       100%        5
 Summon Mana Viper        Hex/Summ       1%         N/A       100%        5
 Monstrous Menagerie      Summ           0%         N/A       100%        7


Dungeon Overview and Level Annotations

Branches:
Dungeon (4/15)
 Temple: D:4-7

Altars:
Ashenzari
Ru


Innate Abilities, Weirdness & Mutations

You are too large for most types of armour.
You have claws for hands.
Your natural rate of healing is unusually fast.
You are covered in fur. (AC +1)
You have tough skin. (AC +1)


Message History

The orc warrior barely misses you.
You scratch the orc warrior but do no damage.
The orc warrior is lightly wounded.
Your orc skeleton hits the orc warrior but does no damage.
As you read the scroll labelled ESMATU COI, it crumbles to dust.
It is a scroll of identify.
l - a potion of mutation The orc warrior hits you with a +0 flail!
The orc hits your orc skeleton with a +0 club.
Your orc skeleton hits the orc warrior but does no damage.
As you read the scroll labelled QELICE ZUHOA, it crumbles to dust.
It is a scroll of enchant weapon.
You aren't carrying any weapons that can be enchanted.
The orc warrior hits you with a +0 flail.
The orc closely misses you.
The orc hits your orc skeleton with a +0 club.
Your orc skeleton hits the orc warrior but does no damage.
As you read the scroll labelled CIYJYO XYRRI, it crumbles to dust.
The creatures around you are filled with an inner flame!
It was a scroll of immolation.
The orc hits your orc skeleton with a +0 club.
Flame seeps out of your orc skeleton.
The orc priest begins to cast a cantrip, but forgets the words!
The orc closely misses you.
As you read the scroll labelled VISAMU VEHAF, it crumbles to dust.
You feel strangely unstable.
It was a scroll of teleportation.
The orc warrior hits you with a +0 flail!
* * * LOW HITPOINT WARNING * * *
The orc hits you but does no damage.
The orc barely misses your orc skeleton.
Your orc skeleton is engulfed in blazing flames.
Your orc skeleton explodes!
The fiery explosion engulfs you! You resist.
* * * LOW HITPOINT WARNING * * *
The fiery explosion engulfs the orc priest!!
The fiery explosion engulfs the orc!!
The orc explodes!
The orc priest explodes!
The fiery explosion engulfs the orc warrior!!!
The fiery explosion engulfs you! You resist.
You die...

.............#########........
..............+..#..'.....####
...........#..#..#..#..#..#
........#..#..#.....#..#..#
.........######....[#######
...........#...........#..#
...............#####......#
...........#####)o§.#.......
........#.......@§§.#...####
##..............§○§§#...# .# #
#.....#.§§).<...# ...
###......§§§##... ##..
#####......##.#. ..
##........### #....##.. ......
..


You could see an orc (inner flame).

Vanquished Creatures
  Menkaure (D:4)
  A water moccasin (D:7)
  An orc warrior (D:7)
  A sky beast (D:7)
  A bullfrog (D:7)
  A scorpion (D:7)
  6 killer bees (D:7)
  2 orc priests
  6 orc wizards
  4 adders
  4 gnolls (D:3)
  2 worms
  5 dart slugs
  11 orcs
  3 ball pythons
  4 endoplasms
  5 giant cockroaches
  7 goblins
  5 hobgoblins
  4 quokkas
  3 bats
  2 frilled lizards
  4 kobolds
  4 rats
87 creatures vanquished.

Vanquished Creatures (collateral kills)
  An endoplasm (D:4)
1 creature vanquished.

Grand Total: 88 creatures vanquished

Notes
Turn   | Place    | Note
-------+----------+-------------------------------------------
     0 | D:1      | mandarbmax the Troll Necromancer began the quest for the
                  | Orb.
     0 | D:1      | Reached XP level 1. HP: 16/16 MP: 1/1
   107 | D:1      | Reached skill level 1 in Unarmed Combat
   108 | D:1      | Reached XP level 2. HP: 21/24 MP: 2/2
   841 | D:2      | Reached skill level 2 in Unarmed Combat
   930 | D:2      | Reached XP level 3. HP: 31/31 MP: 3/3
   990 | D:2      | Found a faded altar of an unknown god.
  1207 | D:2      | Identified the ring of Dogma {*Corrode rF+ rN++ Dex+2 SInv}
  1643 | D:3      | Found a broken altar of Ashenzari.
  1655 | D:3      | Reached skill level 3 in Unarmed Combat
  1657 | D:3      | Reached XP level 4. HP: 38/39 MP: 0/5
  2374 | D:3      | Reached XP level 5. HP: 45/45 MP: 0/6
  2874 | D:4      | Reached skill level 4 in Unarmed Combat
  2911 | D:4      | Noticed Menkaure
  2926 | D:4      | Killed Menkaure
  2927 | D:4      | Reached skill level 5 in Unarmed Combat
  2927 | D:4      | Reached XP level 6. HP: 38/53 MP: 2/8
  3210 | D:4      | You fall into a shaft and drop 3 floors!
  3256 | D:7      | Reached skill level 6 in Unarmed Combat
  3256 | D:7      | Reached XP level 7. HP: 49/59 MP: 6/9
  3288 | D:7      | Found a sacrificial altar of Ru.
  3291 | D:7      | Became a worshipper of Ru the Awakened
  3303 | D:7      | Reached skill level 1 in Fighting
  3326 | D:7      | Reached skill level 7 in Unarmed Combat
  3410 | D:7      | Reached XP level 8. HP: 74/74 MP: 0/10
  3423 | D:7      | Killed by an exploding orc priest... ignited by their inner
                  | flame

Illustrated notes

Levels and vault maps discovered:
D:1:      mainiacjoe_arrival_reflecting_pool, layout_loops_ring
D:2:      layout_basic, ebering_ecumenical_altar_petrified
D:3:      layout_loops_corners, mainiacjoe_overflow_paths, minmay_misc_feat_x
D:4:      layout_loops_ring, minmay_temple_entry_trees, uniq_menkaure
D:7:      layout_rooms, hangedman_ru_absence

Skill      XL: |  1  2  3  4  5  6  7 |
---------------+----------------------+-----
Unarmed Combat | 1 2 3 5 6 7 |  7.7
Dodging        | 2 |  2.0
Spellcasting   | 2 |  2.0
Necromancy     | 4 |  4.0
Fighting       | 2 |  2.4
Stealth        | |  1.0

Action                   |  1- 3 |  4- 6 |  7- 9 || total
-------------------------+-------+-------+-------++-------
Melee: Unarmed           |    72 |    85 |    58 ||   215
       Punch             |       |     4 |     1 ||     5
 Cast: Necrotize         |    16 |    54 |    12 ||    82
  Use: Potion            |       |     1 |     1 ||     2
       Scroll            |       |       |     4 ||     4
 Stab: Sleeping          |     3 |       |       ||     3
Armor: Robe              |    19 |    34 |    36 ||    89
Dodge: Dodged            |    35 |    36 |    40 ||   111

Table legend: (Time is in decaauts)
 A = Elapsed time spent in this place.
 B = Non-inter-level travel time spent in this place.
 C = Inter-level travel time spent in this place.
 D = Time resting spent in this place.
 E = Time spent auto-exploring this place.
 F = Levels seen in this place.
 G = Mean time per level.
                   A        B        C        D        E       F      G
               +--------+--------+--------+--------+--------+-----+--------+
         Total |   3413 |   3352 |     61 |    140 |   2618 |   5 |  682.6 |
       Dungeon |   3413 |   3352 |     61 |    140 |   2618 |   5 |  682.6 |
               +--------+--------+--------+--------+--------+-----+--------+

Top non-repeatable levels by time:
     D:3: 1324 daAuts
     D:1: 758 daAuts
     D:2: 640 daAuts
     D:4: 480 daAuts
     D:7: 210 daAuts
